 Dungeon Crawl Stone Soup version 0.27.1-2-g3b301248ec (webtiles) character file.

Game seed: 10249847705444189295

118 pkoi the Slasher (level 4, -2/37 HPs)
             Began as a Minotaur Gladiator on Sept 26, 2021.
             Killed by nerve-wracking pain
             ... invoked by an orc priest
              (14 damage)
             ... on level 3 of the Dungeon.
             The game lasted 00:02:05 (1616 turns).

pkoi the Slasher (Minotaur Gladiator)               Turns: 1616, Time: 00:02:05

Health: -2/37      AC:  6    Str: 20    XL:     4   Next: 72%
Magic:  3/3        EV: 11    Int:  5    God:
Gold:   87         SH:  0    Dex: 11    Spells: 3/3 levels left

rFire    + . .     SeeInvis .   a - +0 long sword
rCold    + . .     Faith    .   (no shield)
rNeg     . . .     Spirit   .   h - +0 ring mail
rPois    .         Reflect  .   c - +0 hat
rElec    .         Harm     .   e - scarf {rC+ rF+}
rCorr    .         Rampage  .   f - +0 pair of gloves
Will     .....                  (no boots)
Stlth    +.........             (no amulet)
HPRegen  0.12/turn              (no ring)
MPRegen  0.08/turn              (no ring)

@: no status effects
A: horns 2, retaliatory headbutt
a: no special abilities


You were on level 3 of the Dungeon.
You visited 1 branch of the dungeon, and saw 3 of its levels.

You collected 87 gold pieces.

Inventory:

Hand Weapons
 a - a +0 long sword (weapon)
Missiles
 d - 3 throwing nets (quivered)
Armour
 b - a +0 leather armour
 c - a +0 hat (worn)
 e - a scarf of resistance (worn)
 f - a +0 pair of gloves (worn)
 h - a +0 ring mail (worn)
Scrolls
 i - 3 scrolls of immolation {unknown}
 k - a scroll of acquirement {unknown}
 l - a scroll of torment {unknown}
Potions
 g - 2 potions of haste {unknown}
 j - a potion of might {unknown}


   Skills:
 - Level 2.4 Fighting
 + Level 6.7 Long Blades
 - Level 2.0 Throwing
 - Level 3.2 Dodging


You had 3 spell levels left.
You didn't know any spells.
Your spell library was empty.

Dungeon Overview and Level Annotations

Branches:
Dungeon (3/15)

Altars:

Annotations:
D:2 Sigmund, Terence


Innate Abilities, Weirdness & Mutations

You have a pair of horns on your head.
You reflexively headbutt those who attack you in melee.


Message History

You are confused.
You barely miss the orc. The orc closely misses you.
Something hits you but does no damage.
You are too confused!
You bump into the rock wall.
The orc priest miscasts a cantrip.
The orc hits you with a +0 hand axe. Something hits you but does no damage.
Unknown command.
You bump into the rock wall.
The orc hits you but does no damage.
You hear some strange, mumbled words.
A magic dart appears from out of thin air!
The magic dart hits you! The dart slug launches a dart at you.
The slug dart hits something.
You bump into the rock wall.
The orc hits you with a +0 hand axe.
You hear some strange, mumbled words.
A magic dart appears from out of thin air!
The magic dart hits you!
* * * LOW HITPOINT WARNING * * *
You hit the orc priest but do no damage.
Your headbutt misses the orc priest.
You feel less confused. The orc priest closely misses you.
The orc barely misses you. You furiously retaliate!
You headbutt the orc, but do no damage.
You riposte.
You hit the orc. You headbutt the orc.
The orc is moderately wounded.
Something hits you.
* * * LOW HITPOINT WARNING * * *
Unknown command.
Unknown command.
An orc comes into view. It is wielding a +0 short sword.
Things that are here:
a +0 dagger; a +0 leather armour Unknown command.
Unknown command.
The orc shouts!
The orc priest closely misses you.
The orc priest calls down the wrath of Beogh upon you.
Pain shoots through your body!
You die...

#.# .## #.# . #.#
####.# ..##.# #.##.#
########.#.###.##.#
....(.........##.# #
#.o########.##.# ##
##owo.@.#....#.####.##.
#..####..#..........##.
#...##
#.###..#.#######. ####
#.## ##.#.#######. ##
#............
#.###########. .# #. #.
#. # #.


You could see an orc priest, a dart slug and 2 orcs.

Vanquished Creatures
  An orc wizard (D:3)
  3 adders (D:2)
  A worm (D:2)
  6 dart slugs
  5 orcs (D:3)
  2 ball pythons
  5 bats
  5 endoplasms
  A giant cockroach (D:2)
  A hobgoblin (D:2)
  4 kobolds
  A quokka (D:3)
  5 goblins
  7 rats
47 creatures vanquished.

Notes
Turn   | Place    | Note
-------+----------+-------------------------------------------
     0 | D:1      | pkoi the Minotaur Gladiator began the quest for the Orb.
     0 | D:1      | Reached XP level 1. HP: 18/18 MP: 0/0
   171 | D:1      | Reached skill level 4 in Long Blades
   212 | D:1      | Reached XP level 2. HP: 25/25 MP: 1/1
   626 | D:2      | Reached skill level 5 in Long Blades
   673 | D:2      | Reached XP level 3. HP: 30/30 MP: 2/2
   710 | D:2      | Noticed a floating eye
   712 | D:2      | Found a faded altar of an unknown god.
   738 | D:2      | Noticed a shining eye
   832 | D:2      | Noticed Terence
   892 | D:2      | Noticed a great orb of eyes
   893 | D:2      | Noticed a great orb of eyes
  1032 | D:2      | Reached skill level 6 in Long Blades
  1032 | D:2      | Reached XP level 4. HP: 26/37 MP: 3/3
  1306 | D:2      | Noticed Sigmund
  1616 | D:3      | Killed from afar by an orc priest

Illustrated notes

Levels and vault maps discovered:
D:1:      dpeg_arrival_subterranean_lakeside_camping, layout_basic
D:2:      layout_loops_ring, hellmonk_ecumenical_altar_watching_god,
          uniq_terence, uniq_sigmund
D:3:      layout_loops_ring, minivault_5, item_on_display_a

Skill      XL: |  1  2  3 |
---------------+----------+-----
Long Blades    | 4 5 6 |  6.7
Fighting       | |  2.4
Throwing       | |  2.0
Dodging        | |  3.2

Action                   |  1- 3 |  4- 6 || total
-------------------------+-------+-------++-------
Melee: Long sword        |    64 |    32 ||    96
       Headbutt          |     9 |     5 ||    14
Armor: Leather armour    |     6 |       ||     6
       Ring mail         |    23 |    16 ||    39
Dodge: Dodged            |    40 |    14 ||    54
       Rpst.: Long sword |     6 |     2 ||     8
